 Dungeon Crawl Stone Soup version 0.30.0-30-g96aa6591b8 (webtiles) character file.

Game seed: 1336113982240013748

7492 javelincjr the Sneak (level 10, -1/76 HPs)
             Began as a Demonspawn Hedge Wizard on June 26, 2023.
             Was a Follower of Sif Muna.
             Slain by a shadow (32 damage)
             ... on level 8 of the Dungeon on June 27, 2023.
             The game lasted 01:00:15 (11157 turns).

javelincjr the Sneak (Demonspawn Hedge Wizard)     Turns: 11157, Time: 01:00:15

Health: -1/76      AC:  7    Str: 17    XL:     10   Next: 95%
Magic:  15/19      EV: 13    Int: 29    God:    Sif Muna [*.....]
Gold:   371        SH:  4    Dex: 13    Spells: 13/21 levels left

rFire   . . .        d - +4 demon blade
rCold   . . .        b - +0 buckler
rNeg    . . .        x - +2 robe {Will+}
rPois   .            c - +2 hat
rElec   .            w - +0 cloak
rCorr   .            (gloves unavailable)
SInv    .            (no boots)
Will    +....        (no amulet)
Stlth   +++          s - +6 ring of strength
HPRegen 0.32/turn    i - +6 ring of intelligence
MPRegen 0.16/turn

%: no passive effects
@: no status effects
A: claws 3, ignite blood 2, big brain 2
a: Renounce Religion, Channel Magic


You were on level 8 of the Dungeon.
You worshipped Sif Muna.
Sif Muna was aware of your devotion.
You visited 2 branches of the dungeon, and saw 9 of its levels.
You also visited: Sewer.

You collected 371 gold pieces.

Inventory:

Hand Weapons
 d - a +4 demon blade (weapon)
 u - a +2 dagger of draining
Missiles
 h - a throwing net
 A - 2 boomerangs
Armour
 b - a +0 buckler (worn)
 c - a +2 hat (worn)
 r - a +1 pair of gloves
 w - a +0 cloak (worn)
 x - a +2 robe of willpower (worn)
 G - an orb of guile
Jewellery
 i - a +6 ring of intelligence (right claw)
 s - a +6 ring of strength (left claw)
 y - a ring of fire
Wands
 a - a wand of flame (11)
 t - a wand of charming (14)
Scrolls
 e - a scroll of blinking
 f - 7 scrolls of teleportation
 l - 3 scrolls of silence
 m - 3 scrolls of vulnerability
 o - 2 scrolls of poison
 v - 2 scrolls of immolation
 C - 2 scrolls of fear
Potions
 g - 3 potions of curing
 j - a potion of magic
 k - 4 potions of haste
 n - 4 potions of heal wounds
 p - 2 potions of cancellation {unknown}
 q - 2 potions of attraction {unknown}
 z - a potion of lignification {unknown}
 B - a potion of degeneration {unknown}
 D - a potion of invisibility {unknown}
 E - a potion of flight {unknown}
 F - a potion of resistance {unknown}


   Skills:
 + Level 5.9 Fighting
 + Level 2.3 Long Blades
 + Level 5.7 Dodging
 + Level 6.3 Stealth
 + Level 2.2 Shields
 + Level 6.3 Spellcasting
 + Level 6.1 Conjurations
 + Level 6.2 Summonings
 + Level 5.5 Translocations
 + Level 0.1 Air Magic
 + Level 3.4 Invocations


You had 13 spell levels left.
You knew the following spells:

 Your Spells              Type           Power      Damage    Failure   Level
a - Magic Dart            Conj           100%       1d8       1%          1
b - Call Imp              Summ           90%        N/A       1%          2
c - Blink                 Tloc           82%        N/A       1%          2
d - Mephitic Cloud        Conj/Pois/Air  21%        N/A       9%          3

Your spell library contained the following spells:

 Spells                   Type           Power      Damage    Failure   Level
 Slow                     Hex            36%        N/A       7%          1
 Vhi's Electric Charge    Tloc/Air       50%        N/A       7%          3
 Cigotuvi's Dreadful Rot  Necr/Pois/Air  18%        N/A       11%         2
 Summon Forest            Summ/Tloc      21%        N/A       17%         5
 Confusing Touch          Hex            9%         N/A       21%         3
 Vampiric Draining        Necr           9%         2d6       21%         3
 Arcjolt                  Conj/Air       13%        1d23      47%         5
 Summon Hydra             Summ           22%        N/A       99%         7
 Eringya's Noxious Bog    Tmut/Pois      4%         N/A       100%        6
 Maxwell's Capacitive Co  Air            4%         ∞         100%        8


Dungeon Overview and Level Annotations

Branches:
Dungeon (8/15)             Temple (1/1) D:6           Sewer (visited)
   Lair: D:8-11

Altars:
Ashenzari
Cheibriados
Dithmenos
Fedhas
Gozag
Kikubaaqudgha
Makhleb
Qazlal
Ru
Sif Muna
Trog
Uskayaw
Vehumet
Yredelemnul

Shops:
D:7 [


Innate Abilities, Weirdness & Mutations

You have claws for hands.
Your demonic aura often causes spilled blood to erupt in flames.
You have an extremely huge brain. (Int +4)


Message History

The centaur appears confused.
Really walk into that cloud of noxious fumes?
You miss something.
The centaur is engulfed in blazing flames.
You slash something! Sif Muna accepts your kill.
Reactivating autopickup.
You feel a bit more experienced.
The centaur is engulfed in noxious fumes.
The centaur appears confused.
The centaur unwields a +0 shortbow.
The centaur hits something but does no damage.
The centaur closely misses something.
The shadow strikes at you from the darkness!
The centaur hits the shadow but does no damage.
The centaur kicks the shadow but does no damage.
You barely miss the shadow.
The shadow slips into darkness.
The shadow flickers and vanishes!
Deactivating autopickup; reactivate with Ctrl-A.
The shadow strikes at you from the darkness!
Reactivating autopickup.
You catch the helpless centaur completely off-guard!
You slash the centaur!
You kill the centaur!
Sif Muna accepts your kill. The shadow barely misses you.
You hit the shadow.
The shadow is lightly damaged.
The shadow hits you.
Casting: Mephitic Cloud (dangerous; 9% risk of failure)
Confirm with . or Enter, or press ? or * to list all spells.
A tiny devil pulls itself out of the air.
Your cerulean imp hits the shadow but does no damage.
You barely miss the shadow.
The shadow slips into darkness.
The shadow flickers and vanishes!
Deactivating autopickup; reactivate with Ctrl-A.
You barely miss something.
The shadow strikes at you from the darkness!
You die...

8888888.#
#.8888.888.#
...........#
......8....####
......8......[#
#..........##.#
..8888}888.##.###
#.8888.888....{5#
#...........#.#@#
#...#..)#...#.#.#
# #..~######.#.#
#....######.#.##
#...............#
##.##........#..#
#. ##########..#
. #..# ######..#


You could see a friendly cerulean imp (summoned).

Vanquished Creatures
  2 two-headed ogres (D:8)
  Pikel (D:6)
  A manticore (D:8)
  Sigmund (D:6)
  5 yaks (D:7)
  An acid dragon (D:8)
  2 water moccasins
  Duvessa (D:5)
  Pargi (Sewer)
  An orc warrior (D:8)
  2 sky beasts
  A black bear (D:5)
  4 ice beasts
  3 centaurs
  2 phantoms (D:4)
  3 kobold brigands
  4 bullfrogs
  2 scorpions (D:6)
  A gnoll sergeant (D:7)
  8 wights
  2 killer bees
  2 bullfrog zombies (D:4)
  A jelly (D:5)
  5 orc priests
  3 hounds
  3 sleepcaps
  4 orc wizards
  2 iguanas
  2 scorpion zombies (D:4)
  Natasha (twice) (D:4)
  A howler monkey zombie (D:4)
  5 gnolls (D:7)
  A howler monkey skeleton (D:4)
  8 adders
  A shadow imp (D:5)
  2 white imps
  An ufetubus (D:5)
  3 adder skeletons (D:4)
  An adder zombie (D:4)
  2 dart slugs
  16 orcs
  2 bats
  2 endoplasms (D:1)
  5 giant cockroaches
  8 goblins
  6 hobgoblins
  2 quokkas
  8 ball pythons
  7 frilled lizards (Sewer)
  10 kobolds
  5 rats
168 creatures vanquished.

Vanquished Creatures (collateral kills)
  A yak (D:7)
  An ice beast (D:6)
  A black bear (D:6)
  A centaur (D:7)
  A phantom (D:6)
  A lemure (D:6)
  A water moccasin zombie (D:4)
  A wight (D:7)
  Dowan (D:5)
  2 killer bees (D:7)
  A jelly (D:4)
  A hound (D:6)
  2 orc priests
  An iguana (D:5)
  Natasha (D:4)
  A hound zombie (D:4)
  2 adders
  An adder zombie (D:4)
  A worm (D:3)
  A dart slug (D:5)
  5 orcs
  A giant cockroach (D:6)
  4 quokkas
  2 ball pythons
  A jackal zombie (D:4)
36 creatures vanquished.

Grand Total: 204 creatures vanquished

Notes
Turn   | Place    | Note
-------+----------+-------------------------------------------
     0 | D:1      | javelincjr the Demonspawn Hedge Wizard began the quest for
                  | the Orb.
     0 | D:1      | Reached XP level 1. HP: 13/13 MP: 4/4
    30 | D:1      | Reached skill level 1 in Translocations
   259 | D:1      | Gained mutation: Your demonic aura sometimes causes spilled
                  | blood to erupt in flames. [demonic ancestry]
   259 | D:1      | Reached XP level 2. HP: 19/19 MP: 1/6
   652 | D:1      | You fall into a shaft and drop 1 floor!
  1263 | D:2      | Learned a level 2 spell: Call Imp
  1266 | D:2      | Learned a level 2 spell: Blink
  1462 | D:2      | Gained mutation: You have sharp fingernails. [demonic
                  | ancestry]
  1462 | D:2      | Reached XP level 3. HP: 25/25 MP: 4/7
  1540 | D:2      | Found a blossoming altar of Fedhas.
  2093 | D:3      | Reached skill level 1 in Fighting
  2271 | D:3      | Reached XP level 4. HP: 15/32 MP: 3/8
  2437 | D:3      | Found a hide-covered altar of Uskayaw.
  2981 | D:4      | Gained mutation: You have an unusually large brain. (Int
                  | +2) [demonic ancestry]
  2981 | D:4      | Reached XP level 5. HP: 20/37 MP: 2/10
  3559 | D:4      | Gained mutation: Your demonic aura often causes spilled
                  | blood to erupt in flames. [demonic ancestry]
  3559 | D:4      | Reached XP level 6. HP: 16/44 MP: 6/11
  4156 | D:4      | Reached XP level 7. HP: 5/51 MP: 8/12
  4560 | D:4      | Noticed Natasha
  4567 | D:4      | Killed Natasha
  4640 | D:4      | Noticed Natasha
  4644 | D:4      | Killed Natasha
  4702 | D:4      | Noticed Natasha
  4707 | D:4      | Killed Natasha
  4899 | D:5      | Entered Level 5 of the Dungeon
  5222 | D:5      | Gained mutation: You have very sharp fingernails. [demonic
                  | ancestry]
  5222 | D:5      | Reached XP level 8. HP: 47/58 MP: 5/14
  5467 | D:5      | Noticed Duvessa
  5470 | D:5      | Noticed Dowan
  5472 | D:5      | Found a stormy altar of Qazlal.
  5475 | D:5      | Killed Duvessa
  5489 | D:5      | Killed Dowan
  6372 | D:6      | Noticed Sigmund
  6405 | D:5      | Learned a level 3 spell: Mephitic Cloud
  6422 | D:6      | Killed Sigmund
  6423 | D:6      | Reached skill level 5 in Spellcasting
  6433 | D:6      | Found a staircase to the Ecumenical Temple.
  6502 | D:6      | Gained mutation: You have an extremely huge brain. (Int +4)
                  | [demonic ancestry]
  6502 | D:6      | Reached XP level 9. HP: 32/65 MP: 16/16
  6510 | D:6      | Found a glowing drain.
  6531 | Sewer    | Entered a sewer
  6644 | Sewer    | Noticed Pargi
  6651 | Sewer    | Killed Pargi
  7180 | D:6      | Found an opulent altar of Gozag.
  7447 | D:6      | Identified the +6 ring mail "Moacla" {rC- rN+ rCorr Str+2}
  7616 | D:6      | Noticed Pikel
  7632 | D:6      | Killed Pikel
  7633 | D:6      | Reached skill level 5 in Stealth
  7633 | D:6      | Reached skill level 5 in Summonings
  7903 | D:7      | Reached skill level 5 in Conjurations
  8247 | Temple   | Entered the Ecumenical Temple
  8339 | Temple   | Became a worshipper of Sif Muna the Loreminder
  8559 | D:7      | Reached skill level 5 in Fighting
  8559 | D:7      | Reached skill level 5 in Dodging
  8711 | D:7      | Found Meskify's Antique Armour Emporium.
  9322 | D:7      | Gained mutation: You have claws for hands. [demonic
                  | ancestry]
  9322 | D:7      | Reached XP level 10. HP: 74/74 MP: 16/18
  9997 | D:7      | Reached skill level 1 in Long Blades
  9997 | D:7      | Reached skill level 1 in Invocations
  9999 | D:7      | Reached skill level 5 in Translocations
 10003 | D:7      | Reached skill level 1 in Shields
 10287 | D:8      | Noticed a two-headed ogre
 10300 | D:8      | Killed a two-headed ogre
 10323 | D:8      | Reached * piety under Sif Muna
 10471 | D:8      | Noticed a two-headed ogre
 10483 | D:8      | Killed a two-headed ogre
 10575 | D:8      | Noticed a manticore
 10589 | D:8      | Killed a manticore
 11157 | D:8      | Slain by a shadow

Illustrated notes

Levels and vault maps discovered:
D:1:      dpeg_arrival_pond, layout_loops_cross
D:2:      kennysheep_big_flooded_room, layout_rooms, basic_altar, minmay_unequal
D:3:      layout_loops_corners, old_standard_altar
D:4:      layout_loops_corners, serial_undead, serial_undead_b, serial_undead_f,
          serial_undead_e, serial_undead_c, serial_undead_b, serial_undead_d,
          serial_undead_c, serial_undead_c, serial_undead_c, serial_undead_c,
          serial_bayou_ford_a, uniq_natasha
D:5:      layout_loops_ring, nicolae_qazlal_general_emergency, uniq_duvessa
D:6:      layout_rooms, kennysheep_mini, minmay_temple_entry_proselytizer,
          gup_sewer_entry_pipe, dk_rats_in_the_wall, uniq_sigmund, uniq_pikel
D:7:      layout_basic, mainiacjoe_overflow_six_doors_small, serial_shops, shop
D:8:      hangedman_cross_stitches, layout_loops_ring,
          grunt_temple_overflow_open, nicolae_overflow_two_pavilions,
          hellmonk_bongcloud_opening
Temple:   hellmonk_temple_forest_ring

Skill      XL: |  1  2  3  4  5  6  7  8  9 10 |
---------------+-------------------------------+-----
Translocations | 1 2 3 4 5 |  5.5
Dodging        | 2 3 4 5 |  5.7
Stealth        | 2 3 4 5 6 |  6.3
Fighting       | 1 2 3 4 5 |  5.9
Summonings     | 2 3 4 5 6 |  6.2
Conjurations   | 2 3 4 5 6 |  6.1
Spellcasting   | 4 5 6 |  6.3
Long Blades    | 2 |  2.3
Invocations    | 3 |  3.4
Shields        | 2 |  2.2
Air Magic      | |  0.1

Action                     |  1- 3 |  4- 6 |  7- 9 | 10-12 || total
---------------------------+-------+-------+-------+-------++-------
  Melee: Dagger            |    48 |       |       |       ||    48
         Demon blade       |     2 |   108 |   205 |    90 ||   405
         Punch             |     1 |     1 |     1 |       ||     3
   Cast: Magic Dart        |    68 |    39 |    81 |     9 ||   197
         Call Imp          |    10 |    19 |    36 |    13 ||    78
         Blink             |     2 |     1 |       |       ||     3
         Mephitic Cloud    |       |       |     8 |    10 ||    18
  Evoke: Wand              |       |       |       |     1 ||     1
    Use: Potion            |     3 |     1 |     1 |       ||     5
         Scroll            |       |     6 |     7 |       ||    13
   Stab: Sleeping          |       |     1 |     3 |     2 ||     6
         Distracted        |       |     1 |     4 |       ||     5
         Confused          |       |       |     2 |     6 ||     8
 Armour: Robe              |    17 |    34 |    57 |    22 ||   130
  Dodge: Dodged            |    40 |    85 |   145 |    64 ||   334
  Block: Buckler           |       |       |     1 |    10 ||    11
